 Dungeon Crawl Stone Soup version 0.29.1-1-gd02db6906a (webtiles) character file.

Game seed: 11185275951956640273

241 Ashen the Chiller (level 5, -2/38 HPs)
             Began as a Demonspawn Ice Elementalist on Sept 24, 2022.
             Slain by an ice beast (7 damage)
             ... on level 6 of the Dungeon.
             The game lasted 00:05:11 (2551 turns).

Ashen the Chiller (Demonspawn Ice Elementalist)     Turns: 2551, Time: 00:05:12

Health: -2/38      AC:  3    Str:  8    XL:     5   Next: 80%
Magic:  9/9        EV: 12    Int: 19    God:
Gold:   132        SH:  0    Dex: 13    Spells: 6/10 levels left

rFire   . . .      SeeInvis .   g - +3 dagger (venom)
rCold   . . .      Faith    .   (no shield)
rNeg    . . .      Spirit   .   f - +0 leather armour
rPois   .          Reflect  .   (no helmet)
rElec   .          Harm     .   (no cloak)
rCorr   .          Rampage  .   (no gloves)
Will    .....                   (no boots)
Stlth   ++........              (no amulet)
HPRegen 0.12/turn               (no ring)
MPRegen 0.11/turn               (no ring)

@: no status effects
A: spiny 2
a: no special abilities


You were on level 6 of the Dungeon.
You visited 1 branch of the dungeon, and saw 5 of its levels.

You collected 154 gold pieces.
You spent 22 gold pieces at shops.

Inventory:

Hand Weapons
 a - a +0 war axe
 g - a +3 dagger of venom (weapon)
Armour
 f - a +0 leather armour (worn)
Jewellery
 i - a ring of see invisible
 l - an amulet of the acrobat
Wands
 p - a wand of flame (16)
Scrolls
 c - a scroll of brand weapon
Potions
 d - a potion of invisibility


   Skills:
 + Level 2.2 Fighting
 + Level 2.9 Dodging
 + Level 3.0 Stealth
 + Level 3.0 Spellcasting
 + Level 4.4 Ice Magic


You had 6 spell levels left.
You knew the following spells:

 Your Spells              Type           Power      Damage    Failure   Level
a - Freeze                Ice            76%        1d9       3%          1
b - Frozen Ramparts       Ice            38%        1d6       11%         3

Your spell library contained the following spells:

 Spells                   Type           Power      Damage    Failure   Level
 Ozocubu's Armour         Ice            19%        N/A       11%         3
 Hailstorm                Conj/Ice       11%        3d5       65%         4


Dungeon Overview and Level Annotations

Branches:
Dungeon (6/15)
 Temple: D:4-7

Altars:
Ashenzari

Shops:
D:1 *

Portals:
Ossuary: D:6


Innate Abilities, Weirdness & Mutations

You are mostly covered in sharp spines.


Message History

Magic restored.
HP restored.
Found a war axe.
Found a scroll labelled NADDIA OSUUMU.
You see here a +0 war axe.
a - a +0 war axe
There is a stone staircase leading down, spattered with blood here.
You climb downwards.
You hear the hiss of flowing sand.
There is an entrance to an ossuary on this level.
Hurry and find it before the portal is buried!
You hear the hiss of an avalanche of sand very nearby.
There is a stone staircase leading up, spattered with blood here.
You see here an iguana skeleton.
The ogre closely misses you. The ogre attacks as you move away!
The ogre is struck by your spines. The ogre closely misses you.
The ice beast closely misses you. The white imp gestures at you.
The puff of frost hits you. The ice beast attacks as you move away!
The ice beast barely misses you.
Found a falchion.
You see here 9 gold pieces.
The ice beast attacks as you move away!
The ice beast hits you but does no damage.
Found a scroll of summoning.
The ice beast attacks as you move away! The ice beast is struck by your spines.
The ice beast barely misses you. The ice beast attacks as you move away!
The ice beast hits you. The ice beast freezes you!
You open the door. The ice beast is struck by your spines.
The ice beast hits you. The ice beast freezes you!
* * * LOW HITPOINT WARNING * * *
Found 13 gold pieces and a ring mail.
Found a sand-covered staircase.
The ice beast is struck by your spines. The ice beast barely misses you.
There is an open door here.
The ice beast attacks as you move away! The ice beast closely misses you.
There is a sand-covered staircase here.
The ice beast hits you.
* * * LOW HITPOINT WARNING * * *
The ice beast freezes you!
You die...

........... .. . ..........
...... .......... ....#.
......... .........#####
......... ..............#
........#####..............
........#[..#..............
.....?.O5Y@.#..............
........#$..#..............
........#####..............
....).....O................
.......###.........<.......
....... ####..............
....... ##............#
....... ######.......#
....... #....##..


You could see an ice beast, an ogre and a white imp.

Vanquished Creatures
  A black bear (D:5)
  A scorpion (D:5)
  An iguana (D:6)
  2 adders (D:2)
  A worm (D:2)
  2 dart slugs (D:1)
  2 ball pythons (D:3)
  3 bats
  3 endoplasms
  2 giant cockroaches (D:1)
  4 goblins
  5 hobgoblins
  4 quokkas
  5 kobolds
  4 rats
40 creatures vanquished.

Notes
Turn   | Place    | Note
-------+----------+-------------------------------------------
     0 | D:1      | Ashen the Demonspawn Ice Elementalist began the quest for
                  | the Orb.
     0 | D:1      | Reached XP level 1. HP: 13/13 MP: 3/3
   343 | D:1      | Gained mutation: You are partially covered in sharp spines.
                  | [demonic ancestry]
   343 | D:1      | Reached XP level 2. HP: 15/20 MP: 0/5
   465 | D:1      | Found Vengoda's Assorted Antiques.
   496 | D:1      | Bought a scroll labelled EZIHUTHUXU for 22 gold pieces
  1401 | D:2      | Found a broken altar of Ashenzari.
  1436 | D:2      | Reached skill level 1 in Fighting
  1436 | D:2      | Gained mutation: You are mostly covered in sharp spines.
                  | [demonic ancestry]
  1436 | D:2      | Reached XP level 3. HP: 24/26 MP: 2/6
  1551 | D:2      | Learned a level 3 spell: Frozen Ramparts
  1838 | D:2      | Reached skill level 4 in Ice Magic
  2234 | D:3      | You fall into a shaft and drop 3 floors!
  2239 | D:6      | Noticed an ice beast
  2265 | D:6      | Noticed a black bear
  2271 | D:6      | Reached XP level 4. HP: 32/32 MP: 5/7
  2273 | D:5      | Entered Level 5 of the Dungeon
  2279 | D:5      | Killed a black bear
  2280 | D:5      | Reached XP level 5. HP: 15/38 MP: 0/9
  2532 | D:6      | Noticed an ogre
  2532 | D:6      | Noticed an ice beast
  2547 | D:6      | Found a sand-covered staircase.
  2551 | D:6      | Slain by an ice beast

Illustrated notes

Levels and vault maps discovered:
D:1:      saegor_arrival_simple_b, layout_basic, serial_shops, shop
D:2:      layout_loops_ring, basic_altar
D:3:      layout_basic, nicolae_overflow_crystal_walls, uniq_grinder
D:5:      lemuel_ratsnest, layout_cave_pools, minmay_temple_entry_stoned_glass,
          serial_shops, kennysheep_little_box, uniq_menkaure
D:6:      layout_rooms, lemuel_tele_altar, enter_ossuary_2

Skill      XL: |  1  2  3  4  5 |
---------------+----------------+-----
Stealth        | 2 3 |  3.0
Dodging        | 2 |  2.9
Fighting       | 1 2 |  2.2
Ice Magic      | 4 |  4.4
Spellcasting   | 3 |  3.0

Action                   |  1- 3 |  4- 6 || total
-------------------------+-------+-------++-------
Melee: Unarmed           |    22 |       ||    22
       Punch             |     1 |       ||     1
       Dagger            |    21 |     1 ||    22
 Cast: Freeze            |    30 |     6 ||    36
       Frozen Ramparts   |       |     1 ||     1
  Use: Scroll            |     9 |     1 ||    10
       Potion            |       |     2 ||     2
 Stab: Sleeping          |     4 |       ||     4
Armor: Robe              |     2 |       ||     2
       Leather armour    |     9 |     2 ||    11
Dodge: Dodged            |    37 |    16 ||    53
